ORI
UNIVERSITY OF GEORGIA BULLDOGS @ ARIZONA STATE UNIVERSITY SUN DEVILS
11/01/2046
 
TOP OF THE 1ST
Arizona State University Sun Devils batting - Pitching for University of Georgia Bulldogs : LHP Gordon Jing
Pitching: LHP Gordon Jing
Batting: RHB Tchaa Kombate 0-0: Fly out, F5 (Line Drive, 5, EV 70.6 MPH)
Batting: RHB Wilfrid Telgen 0-0: Reached on error, E5 (Groundball, 56, EV 98.1 MPH)
Batting: LHB Pedro Garza 0-0: Ball
1-0: 2-RUN HOME RUN (Flyball, 9D, EV 98.8 MPH), Distance : 363 ft
Batting: SHB Joan Coucieiro 0-0: Ball
1-0: Foul Ball, location: 2F
1-1: Ball
2-1: Foul Ball, location: 2F
2-2: Foul Ball, location: 2F
2-2: Foul Ball, location: 2F
2-2: Foul Ball, location: 2F
2-2: Strikes out swinging, 2-3 out at first.
Batting: LHB Eddie Lemus 0-0: SINGLE (Groundball, P, EV 89.4 MPH) (infield hit)
Batting: LHB Brett Mroz 0-0: Swinging Strike
0-1: Foul Ball, location: 2F
0-2: Strikes out swinging
Top of the 1st over - 2 runs, 2 hits, 1 error, 1 left on base; Arizona State University 2 - University of Georgia 0
BOTTOM OF THE 1ST
University of Georgia Bulldogs batting - Pitching for Arizona State University Sun Devils : RHP Anthony Klein
Pitching: RHP Anthony Klein
Batting: RHB Jose Lebron 0-0: Ball
1-0: Bunt for hit to 15S - play at first, batter OUT! 1-3
Batting: RHB Dou-wan Pan 0-0: Ground out 6-3 (Groundball, 6, EV 96.9 MPH)
Batting: SHB Mike Fermin 0-0: Foul Ball, location: 2F
0-1: Fly out, F4 (Line Drive, 4, EV 65.0 MPH)
Bottom of the 1st over - 0 runs, 0 hits, 0 errors, 0 left on base; Arizona State University 2 - University of Georgia 0
TOP OF THE 2ND
Arizona State University Sun Devils batting - Pitching for University of Georgia Bulldogs : LHP Gordon Jing
Batting: RHB Alonzo Cardona 0-0: Ball
1-0: Called Strike
1-1: Ball
2-1: Fly out, F7 (Flyball, 7LS, EV 95.0 MPH)
Batting: RHB Adrian Quilantan 0-0: Called Strike
0-1: Ball
1-1: Ground out 4-3 (Groundball, 4, EV 86.2 MPH)
Batting: LHB Kenny Jackson 0-0: Reached on error, E6 (Groundball, 56D, EV 105.6 MPH)
Batting: RHB Tchaa Kombate 0-0: Swinging Strike
0-1: Swinging Strike
0-2: Ball
1-2: Ball
Wild Pitch!
Kenny Jackson to second
2-2: Foul Ball, location: 2F
2-2: Foul Ball, location: 2F
2-2: Strikes out swinging
Top of the 2nd over - 0 runs, 0 hits, 1 error, 1 left on base; Arizona State University 2 - University of Georgia 0
BOTTOM OF THE 2ND
University of Georgia Bulldogs batting - Pitching for Arizona State University Sun Devils : RHP Anthony Klein
Batting: LHB Mike Holland 0-0: Foul Ball, location: 2F
0-1: Ball
1-1: Ball
2-1: Ground out 4-3 (Groundball, 4, EV 100.0 MPH)
Batting: RHB Andy Villarreal 0-0: SINGLE (Line Drive, 7S, EV 108.8 MPH)
Batting: LHB Dennis Klein 0-0: Swinging Strike
0-1: Ball
1-1: Reached on error, E3 (Groundball, 3, EV 104.4 MPH)
Andy Villarreal to second
Batting: SHB Luis Diaz 0-0: Ball
1-0: Grounds into double play, 4-6-3 (Groundball, 4, EV 83.1 MPH)
Bottom of the 2nd over - 0 runs, 1 hit, 1 error, 1 left on base; Arizona State University 2 - University of Georgia 0
TOP OF THE 3RD
Arizona State University Sun Devils batting - Pitching for University of Georgia Bulldogs : LHP Gordon Jing
Batting: RHB Wilfrid Telgen 0-0: SINGLE (Groundball, 56, EV 105.6 MPH)
Batting: LHB Pedro Garza Pickoff Throw to First - Out! 1-3
0-0: Swinging Strike
0-1: Called Strike
0-2: Strikes out swinging
Batting: SHB Joan Coucieiro 0-0: Swinging Strike
0-1: Foul Ball, location: 2F
0-2: Ball
1-2: Ball
2-2: Foul Ball, location: 2F
2-2: Ground out 5-3 (Groundball, 5L, EV 81.9 MPH)
Top of the 3rd over - 0 runs, 1 hit, 0 errors, 0 left on base; Arizona State University 2 - University of Georgia 0
BOTTOM OF THE 3RD
University of Georgia Bulldogs batting - Pitching for Arizona State University Sun Devils : RHP Anthony Klein
Batting: LHB Chris Viehman 0-0: Called Strike
0-1: Ball
1-1: SINGLE (Line Drive, 7, EV 92.5 MPH)
Batting: RHB Jim Unknown 0-0: Called Strike
0-1: Swinging Strike
0-2: Ball
1-2: Foul Ball, location: 2F
1-2: Ball
2-2: Fly out, F8 (Line Drive, 8RD, EV 91.9 MPH)
Batting: RHB Jose Lebron 0-0: Ball
1-0: Ball
2-0: Ball
3-0: Base on Balls
Chris Viehman to second
Batting: RHB Dou-wan Pan 0-0: Called Strike
0-1: Swinging Strike
0-2: Ball
1-2: DOUBLE (Line Drive, 7LD, EV 105.6 MPH)
Chris Viehman scores
Jose Lebron to third
Batting: SHB Mike Fermin 0-0: Ball
1-0: Foul Ball, location: 2F
1-1: Swinging Strike
1-2: Ball
Wild Pitch!
Jose Lebron scores
Dou-wan Pan to third
2-2: Ball
3-2: Foul Ball, location: 2F
3-2: Base on Balls
Batting: LHB Mike Holland 0-0: Ball
1-0: 3-RUN HOME RUN (Flyball, 9D, EV 103.1 MPH), Distance : 390 ft
Batting: RHB Andy Villarreal 0-0: Ground out 3-1 (Groundball, 34, EV 106.9 MPH)
Batting: LHB Dennis Klein 0-0: Swinging Strike
0-1: Ball
1-1: DOUBLE (Line Drive, 9LM, EV 109.4 MPH)
Batting: SHB Luis Diaz 0-0: Ball
1-0: Ball
2-0: Foul Ball, location: 2F
2-1: Ball
3-1: Base on Balls
Batting: LHB Chris Viehman 0-0: Called Strike
0-1: Swinging Strike
0-2: Ball
1-2: Foul Ball, location: 2F
1-2: SINGLE (Line Drive, 89S, EV 112.5 MPH)
Dennis Klein to third
Luis Diaz to second
Batting: RHB Jim Unknown 0-0: Called Strike
0-1: Swinging Strike
0-2: Ball
1-2: Ground out 4-3 (Groundball, 4, EV 82.5 MPH)
Bottom of the 3rd over - 5 runs, 5 hits, 0 errors, 3 left on base; Arizona State University 2 - University of Georgia 5
TOP OF THE 4TH
Arizona State University Sun Devils batting - Pitching for University of Georgia Bulldogs : LHP Gordon Jing
Batting: LHB Eddie Lemus 0-0: Swinging Strike
0-1: Swinging Strike
0-2: Strikes out looking
Batting: LHB Brett Mroz 0-0: Foul Ball, location: 2F
0-1: Foul Ball, location: 2F
0-2: Foul Ball, location: 2F
0-2: Strikes out swinging
Batting: RHB Alonzo Cardona 0-0: Called Strike
0-1: Ball
1-1: SINGLE (Flyball, 7S, EV 91.9 MPH)
Batting: RHB Adrian Quilantan 0-0: Ball
1-0: Swinging Strike
1-1: SINGLE (Groundball, 34D, EV 97.5 MPH)
Alonzo Cardona to second
Runner from 2nd tries for 3rd, SAFE, throw by RF made to third
Batting: LHB Kenny Jackson 0-0: Called Strike
0-1: Called Strike
0-2: Foul Ball, location: 2F
0-2: Ball
1-2: Strikes out swinging
Top of the 4th over - 0 runs, 2 hits, 0 errors, 2 left on base; Arizona State University 2 - University of Georgia 5
BOTTOM OF THE 4TH
University of Georgia Bulldogs batting - Pitching for Arizona State University Sun Devils : RHP Anthony Klein
Batting: RHB Jose Lebron 0-0: Ball
1-0: Called Strike
1-1: Foul Ball, location: 2F
1-2: SINGLE (Groundball, 4M, EV 103.8 MPH) (infield hit)
Batting: RHB Dou-wan Pan 0-0: Ball
Pickoff Throw to First - Error! E1
Jose Lebron to second
1-0: Ball
2-0: Ground out 5-3 (Groundball, 5S, EV 90.0 MPH)
Batting: SHB Mike Fermin 0-0: Called Strike
0-1: Ground out U3 (Groundball, 34, EV 86.2 MPH)
Jose Lebron to third
Batting: LHB Mike Holland 0-0: Ball
1-0: Foul Ball, location: 2F
1-1: Ball
2-1: Ball
3-1: Fly out, F6 (Popup, 6MD, EV 58.8 MPH)
Bottom of the 4th over - 0 runs, 1 hit, 1 error, 1 left on base; Arizona State University 2 - University of Georgia 5
TOP OF THE 5TH
Arizona State University Sun Devils batting - Pitching for University of Georgia Bulldogs : LHP Gordon Jing
Batting: RHB Tchaa Kombate 0-0: Ball
1-0: Foul Ball, location: 2F
1-1: Ball
2-1: Ground out 5-3 (Groundball, 5, EV 81.9 MPH)
Batting: RHB Wilfrid Telgen 0-0: Swinging Strike
0-1: Ball
1-1: Called Strike
1-2: Ball
2-2: Strikes out swinging
Batting: LHB Pedro Garza 0-0: Ground out 4-3 (Groundball, 4, EV 81.9 MPH)
Top of the 5th over - 0 runs, 0 hits, 0 errors, 0 left on base; Arizona State University 2 - University of Georgia 5
BOTTOM OF THE 5TH
University of Georgia Bulldogs batting - Pitching for Arizona State University Sun Devils : RHP Anthony Klein
Batting: RHB Andy Villarreal 0-0: Ground out U3 (Groundball, 13, EV 86.2 MPH)
Batting: LHB Dennis Klein 0-0: Ball
1-0: Ball
2-0: Swinging Strike
2-1: Ball
3-1: Base on Balls
Batting: SHB Luis Diaz 0-0: Ball
1-0: Ball
2-0: Ball
3-0: Called Strike
3-1: Foul Ball, location: 2F
3-2: Base on Balls
Dennis Klein to second
Batting: LHB Chris Viehman 0-0: Reached on error, E6 (Groundball, 6, EV 98.8 MPH)
Dennis Klein to third
Luis Diaz to second
Batting: RHB Jim Unknown 0-0: Foul Ball, location: 2F
0-1: Swinging Strike
0-2: Ball
1-2: Strikes out swinging
Batting: RHB Jose Lebron 0-0: Called Strike
0-1: Called Strike
0-2: Ball
1-2: Fielders Choice at 2nd, 6-4 (Groundball, 6, EV 88.1 MPH)
Bottom of the 5th over - 0 runs, 0 hits, 1 error, 3 left on base; Arizona State University 2 - University of Georgia 5
TOP OF THE 6TH
Arizona State University Sun Devils batting - Pitching for University of Georgia Bulldogs : LHP Gordon Jing
Pitching: LHP Dan Hardy
Batting: SHB Joan Coucieiro 0-0: Called Strike
0-1: Called Strike
0-2: Ball
1-2: Ball
2-2: Fly out, F9 (Line Drive, 9, EV 108.1 MPH)
Batting: LHB Eddie Lemus 0-0: Ball
1-0: Called Strike
1-1: Foul Ball, location: 2F
1-2: Ball
2-2: SINGLE (Groundball, 34S, EV 62.5 MPH) (infield hit)
Batting: LHB Brett Mroz 0-0: Called Strike
0-1: Ball
1-1: DOUBLE (Line Drive, 8LD, EV 99.4 MPH)
Eddie Lemus to third
Batting: RHB Alonzo Cardona 0-0: Fly out, F9 (Flyball, 9LM, EV 88.8 MPH)
Runner from 3rd tags up, SCORES, throw by RF
Brett Mroz to third
Batting: RHB Adrian Quilantan 0-0: Called Strike
0-1: Ground out 6-3 (Groundball, 56, EV 95.0 MPH)
Top of the 6th over - 1 run, 2 hits, 0 errors, 1 left on base; Arizona State University 3 - University of Georgia 5
BOTTOM OF THE 6TH
University of Georgia Bulldogs batting - Pitching for Arizona State University Sun Devils : RHP Anthony Klein
Batting: RHB Dou-wan Pan 0-0: SINGLE (Line Drive, 8LS, EV 104.4 MPH)
Batting: SHB Mike Fermin 0-0: SINGLE (Groundball, 56, EV 102.5 MPH)
Dou-wan Pan to second
Batting: LHB Mike Holland 0-0: Ball
Wild Pitch!
Dou-wan Pan to third
Mike Fermin to second
1-0: Ball
2-0: Foul Ball, location: 2F
2-1: Foul Ball, location: 2F
2-2: Foul Ball, location: 2F
2-2: Ball
3-2: Base on Balls
Pitching: RHP Victor de Leon
Batting: RHB Andy Villarreal 0-0: Ball
1-0: Grounds into fielders choice 4-2 (Groundball, 4, EV 83.8 MPH)
Mike Fermin to third
Mike Holland to second
Batting: LHB Dennis Klein 0-0: Called Strike
0-1: Foul Ball, location: 2F
0-2: SINGLE (Groundball, 34D, EV 103.8 MPH)
Mike Fermin scores
Mike Holland to third
Andy Villarreal to second
Runner from 3rd tries for Home, SAFE, throw by RF to home
Batting: SHB Luis Diaz 0-0: Called Strike
Balk!
Andy Villarreal to third
Dennis Klein to second
0-1: SINGLE (Line Drive, 78M, EV 93.1 MPH)
Andy Villarreal scores
Dennis Klein to third
Batting: LHB Chris Viehman 0-0: SINGLE (Groundball, 56D, EV 96.2 MPH)
Dennis Klein scores
Luis Diaz to second
Batting: RHB Jim Unknown 0-0: Ball
1-0: Called Strike
1-1: Ball
2-1: Ball
3-1: Grounds into double play, 6-4-3 (Groundball, 6, EV 105.0 MPH)
Bottom of the 6th over - 4 runs, 5 hits, 0 errors, 1 left on base; Arizona State University 3 - University of Georgia 9
TOP OF THE 7TH
Arizona State University Sun Devils batting - Pitching for University of Georgia Bulldogs : LHP Dan Hardy
Batting: LHB Kenny Jackson 0-0: Ball
1-0: Called Strike
1-1: DOUBLE (Flyball, 89D, EV 109.4 MPH)
Batting: RHB Tchaa Kombate 0-0: Reached on error, E5 (Groundball, 56S, EV 78.1 MPH)
Kenny Jackson to third
Batting: RHB Wilfrid Telgen 0-0: Ball
1-0: Swinging Strike
1-1: Fielders Choice at 2nd, 6-4 (Groundball, 6S, EV 78.8 MPH)
Kenny Jackson scores
Batting: LHB Pedro Garza 0-0: Called Strike
0-1: Ball
1-1: Ball
2-1: DOUBLE (Line Drive, 89XD, EV 106.2 MPH)
Wilfrid Telgen to third
Runner from 3rd tries for Home, SAFE, no throw by RF
Pitching: RHP Jim Unknown
Batting: SHB Joan Coucieiro 0-0: Called Strike
0-1: Ball
1-1: Ball
2-1: Ball
3-1: Base on Balls
Batting: LHB Eddie Lemus 0-0: Ball
1-0: Ball
2-0: Called Strike
2-1: Ball
3-1: Base on Balls
Pedro Garza to third
Joan Coucieiro to second
Batting: LHB Brett Mroz 0-0: Foul Ball, location: 2F
0-1: Ball
1-1: Hit by Pitch
Pedro Garza scores
Joan Coucieiro to third
Eddie Lemus to second
Batting: RHB Alonzo Cardona 0-0: Ball
1-0: Foul Ball, location: 2F
1-1: Ball
2-1: SINGLE (Line Drive, 89M, EV 95.0 MPH)
Joan Coucieiro scores
Eddie Lemus to third
Brett Mroz to second
Throwing error, E9
Eddie Lemus scores
Brett Mroz to third
Alonzo Cardona to second
Batting: RHB Adrian Quilantan 0-0: Called Strike
0-1: Ball
1-1: Ground out U3 (Groundball, 3, EV 88.8 MPH)
Batting: LHB Kenny Jackson 0-0: Ball
1-0: Ball
2-0: Swinging Strike
2-1: Ball
3-1: Called Strike
3-2: Base on Balls
Pinch Hitting: RHB Arturo Gomez 0-0: Ball
1-0: Fielders Choice at 2nd, 5-4 (Groundball, 56, EV 103.8 MPH)
Top of the 7th over - 5 runs, 3 hits, 2 errors, 3 left on base; Arizona State University 8 - University of Georgia 9
BOTTOM OF THE 7TH
University of Georgia Bulldogs batting - Pitching for Arizona State University Sun Devils : RHP Victor de Leon
Now in RF: Arturo Gomez
Batting: RHB Tsugio Yamaguchi 0-0: Ball
1-0: Called Strike
1-1: Ball
2-1: Ball
3-1: Ground out 1-3 (Groundball, 13S, EV 73.8 MPH)
Batting: RHB Dou-wan Pan 0-0: Called Strike
0-1: Called Strike
0-2: Ball
1-2: Ground out 4-3 (Groundball, 4, EV 102.5 MPH)
Batting: SHB Mike Fermin 0-0: Foul Ball, location: 2F
0-1: Ball
1-1: Ball
2-1: SINGLE (Groundball, 56S, EV 65.6 MPH) (infield hit)
Batting: LHB Mike Holland 0-0: Ball
1-0: Ball
2-0: Called Strike
2-1: Ball
3-1: Base on Balls
Mike Fermin to second
Batting: RHB Andy Villarreal 0-0: Ball
1-0: Ball
2-0: Called Strike
2-1: Ball
3-1: Base on Balls
Mike Fermin to third
Mike Holland to second
Batting: LHB Dennis Klein 0-0: SINGLE (Groundball, 3L, EV 95.0 MPH)
Mike Fermin scores
Mike Holland to third
Andy Villarreal to second
Throwing error, E9
Mike Holland scores
Andy Villarreal to third
Dennis Klein to second
Batting: SHB Luis Diaz 0-0: SINGLE (Groundball, 34D, EV 105.6 MPH)
Andy Villarreal scores
Dennis Klein to third
Runner from 3rd tries for Home, SAFE, throw by RF to home
Luis Diaz to second
Pitching: RHP Jim Unknown
Batting: LHB Chris Viehman 0-0: SINGLE (Flyball, 34D, EV 93.8 MPH)
Luis Diaz to third
Runner from 3rd tries for Home, throw by RF and OUT! 9-2
Bottom of the 7th over - 4 runs, 4 hits, 1 error, 1 left on base; Arizona State University 8 - University of Georgia 13
TOP OF THE 8TH
Arizona State University Sun Devils batting - Pitching for University of Georgia Bulldogs : RHP Jim Unknown
Batting: RHB Wilfrid Telgen 0-0: Foul Ball, location: 2F
0-1: Ball
1-1: Ball
2-1: Ball
3-1: Called Strike
3-2: Foul Ball, location: 2F
3-2: Foul Ball, location: 2F
3-2: Base on Balls
Batting: LHB Pedro Garza 0-0: Called Strike
0-1: Ball
1-1: Foul Ball, location: 2F
1-2: Ball
2-2: Foul Ball, location: 2F
2-2: Ball
3-2: Foul Ball, location: 2F
3-2: Foul Ball, location: 2F
3-2: DOUBLE (Groundball, 3L, EV 108.1 MPH)
Wilfrid Telgen to third
Batting: SHB Joan Coucieiro 0-0: Foul Ball, location: 2F
0-1: Ball
1-1: Fly out, F2 (Popup, 5SF, EV 83.8 MPH)
Batting: LHB Eddie Lemus 0-0: Ball
1-0: Fly out, F8 (Line Drive, 8LD, EV 91.2 MPH)
Runner from 3rd tags up, SCORES, throw by CF
Pitching: RHP Jim Unknown
Batting: LHB Brett Mroz 0-0: Ball
1-0: Ball
2-0: Ball
3-0: Called Strike
3-1: Base on Balls
Batting: RHB Alonzo Cardona 0-0: Ground out U3 (Groundball, 13, EV 85.0 MPH)
Top of the 8th over - 1 run, 1 hit, 0 errors, 2 left on base; Arizona State University 9 - University of Georgia 13
BOTTOM OF THE 8TH
University of Georgia Bulldogs batting - Pitching for Arizona State University Sun Devils : RHP Jim Unknown
Batting: RHB Jim Unknown 0-0: Ball
1-0: SINGLE (Groundball, 34D, EV 96.9 MPH)
Batting: RHB Tsugio Yamaguchi 0-0: Swinging Strike
0-1: Ball
1-1: Ball
2-1: Swinging Strike
2-2: SINGLE (Flyball, 9LS, EV 90.6 MPH)
Jim Unknown to second
Batting: RHB Dou-wan Pan 0-0: Foul Ball, location: 2F
0-1: DOUBLE (Flyball, 89D, EV 110.0 MPH)
Jim Unknown scores
Tsugio Yamaguchi to third
Batting: SHB Mike Fermin 0-0: Fly out, F8 (Line Drive, 8LM, EV 105.0 MPH)
Runner from 3rd tags up, SCORES, throw by CF
Batting: LHB Mike Holland 0-0: Called Strike
0-1: Called Strike
0-2: Hit by Pitch
Batting: RHB Andy Villarreal 0-0: Ball
1-0: DOUBLE (Groundball, 5L, EV 103.8 MPH)
Dou-wan Pan scores
Mike Holland to third
Runner from 3rd tries for Home, throw by LF and OUT! 7-6-2
Andy Villarreal to third
Batting: LHB Dennis Klein 0-0: Ground out 4-3 (Groundball, 4, EV 85.6 MPH)
Bottom of the 8th over - 3 runs, 4 hits, 0 errors, 1 left on base; Arizona State University 9 - University of Georgia 16
TOP OF THE 9TH
Arizona State University Sun Devils batting - Pitching for University of Georgia Bulldogs : RHP Jim Unknown
Pinch Hitting: RHB Bobby Johannsen 0-0: Called Strike
0-1: Ball
1-1: Ground out U3 (Groundball, 13, EV 83.1 MPH)
Batting: LHB Kenny Jackson 0-0: Fly out, F8 (Flyball, 8RM, EV 90.6 MPH)
Pinch Hitting: RHB Raul Vargas 0-0: Foul Ball, location: 2F
0-1: Ball
1-1: Reached on error, E6 (Groundball, 6, EV 93.1 MPH)
Batting: RHB Wilfrid Telgen 0-0: Ball
1-0: Ground out 4-3 (Groundball, 4, EV 88.1 MPH)
Top of the 9th over - 0 runs, 0 hits, 1 error, 1 left on base; Arizona State University 9 - University of Georgia 16
Tuesday, September 13th , 2022 - OOTP Baseball 23.7 Build 88